TOP OF THE 1ST |
Cleveland Spiders batting - Pitching for New York Yankees : RHP Mike Parrott
|
Pitching: RHP Mike Parrott
|
|
Batting: SHB Bump Wills
|
0-0: SINGLE (Line Drive, 8LS, EV 97.5 MPH)
|
Batting: LHB Terry Puhl
|
0-0: Called Strike Bump Wills steals 2nd base 0-1: Foul Ball, location: 2F 0-2: Ball 1-2: Strikes out swinging
|
Batting: SHB Salvador Perez
|
0-0: Called Strike 0-1: Called Strike 0-2: Fly out, F9 (Flyball, 9LM, EV 85.6 MPH)
|
Batting: RHB Clayton Elliott
|
0-0: Foul Ball, location: 2F 0-1: Ball 1-1: Fly out, F8 (Flyball, 8LM, EV 91.9 MPH)
|
Top of the 1st over - 0 runs, 1 hit, 0 errors, 1 left on base; Cleveland 0 - New York 0 |
BOTTOM OF THE 1ST |
New York Yankees batting - Pitching for Cleveland Spiders : RHP Dirceu Miro
|
Pitching: RHP Dirceu Miro
|
|
Batting: RHB Vic Rodriguez
|
0-0: Ground out 5-3 (Groundball, 56, EV 102.5 MPH)
|
Batting: RHB David Hall
|
0-0: Ball 1-0: Foul Ball, location: 2F 1-1: Foul Ball, location: 2F 1-2: Ball 2-2: Ball 3-2: Base on Balls
|
Batting: LHB Kent Hrbek
|
0-0: Ball 1-0: Foul Ball, location: 2F 1-1: Foul Ball, location: 2F 1-2: Fly out, F7 (Flyball, 7LM, EV 91.9 MPH)
|
Batting: RHB Pedro Guerrero
|
0-0: Ball 1-0: 2-RUN HOME RUN (Flyball, 7D, EV 113.8 MPH), Distance : 397 ft
|
Batting: LHB Jordan Medrano
|
0-0: Foul Ball, location: 2F 0-1: Fly out, F9 (Flyball, 9, EV 83.1 MPH)
|
Bottom of the 1st over - 2 runs, 1 hit, 0 errors, 0 left on base; Cleveland 0 - New York 2 |
TOP OF THE 2ND |
Cleveland Spiders batting - Pitching for New York Yankees : RHP Mike Parrott
|
Batting: RHB Randy Elliott
|
0-0: Foul Ball, location: 2F 0-1: Ball 1-1: Swinging Strike 1-2: Ball 2-2: Ball 3-2: Base on Balls
|
Batting: RHB Alan Trammell
|
0-0: Ball 1-0: Swinging Strike 1-1: Foul Ball, location: 2F 1-2: Grounds into double play, 5-4-3 (Groundball, 15, EV 81.3 MPH)
|
Batting: RHB Cressy Pratt
|
0-0: Ball 1-0: Called Strike 1-1: Ball 2-1: Ball 3-1: Called Strike 3-2: Base on Balls
|
Batting: RHB Lance Parrish
|
0-0: Ball 1-0: Ball 2-0: Swinging Strike 2-1: Swinging Strike 2-2: Ball 3-2: Strikes out swinging
|
Top of the 2nd over - 0 runs, 0 hits, 0 errors, 1 left on base; Cleveland 0 - New York 2 |
BOTTOM OF THE 2ND |
New York Yankees batting - Pitching for Cleveland Spiders : RHP Dirceu Miro
|
Batting: RHB Larry Bowie
|
0-0: Called Strike 0-1: Swinging Strike 0-2: Ball 1-2: Strikes out swinging
|
Batting: SHB Stan Javier
|
0-0: Ball 1-0: Ball 2-0: Ground out 6-3 (Groundball, 4MS, EV 84.4 MPH)
|
Batting: RHB Javier Leyva
|
0-0: Called Strike 0-1: Called Strike 0-2: Ball 1-2: Ball 2-2: Foul Ball, location: 2F 2-2: Strikes out swinging
|
Bottom of the 2nd over - 0 runs, 0 hits, 0 errors, 0 left on base; Cleveland 0 - New York 2 |
TOP OF THE 3RD |
Cleveland Spiders batting - Pitching for New York Yankees : RHP Mike Parrott
|
Batting: RHB Jesse Barfield
|
0-0: Called Strike 0-1: Swinging Strike 0-2: Ball 1-2: Foul Ball, location: 2F 1-2: Ball 2-2: Foul Ball, location: 2F 2-2: Ball 3-2: Base on Balls
|
Batting: SHB Bump Wills
|
0-0: Ball 1-0: Called Strike 1-1: Ball Wild Pitch! Jesse Barfield to second 2-1: SINGLE (Groundball, 34D, EV 105.6 MPH) Jesse Barfield to third Runner from 3rd tries for Home, SAFE, throw by RF to home
|
Batting: LHB Terry Puhl
|
0-0: Ball 1-0: Ball 2-0: Fly out, F9 (Flyball, 89M, EV 82.5 MPH)
|
Batting: SHB Salvador Perez
|
0-0: Called Strike 0-1: Ball 1-1: Ball 2-1: Ball 3-1: Called Strike 3-2: Foul Ball, location: 2F 3-2: Base on Balls Bump Wills to second
|
Batting: RHB Clayton Elliott
|
0-0: Foul Ball, location: 2F 0-1: Ball 1-1: Ball 2-1: Foul Ball, location: 2F 2-2: Ball 3-2: Foul Ball, location: 2F 3-2: Foul Ball, location: 2F 3-2: Fielders Choice at 2nd, 4-6 (Groundball, 34, EV 80.6 MPH) Bump Wills to third
|
Batting: RHB Randy Elliott
|
0-0: Called Strike 0-1: Swinging Strike 0-2: Ball 1-2: Foul Ball, location: 2F 1-2: Ground out 5-3 (Groundball, 56S, EV 63.8 MPH)
|
Top of the 3rd over - 1 run, 1 hit, 0 errors, 2 left on base; Cleveland 1 - New York 2 |
BOTTOM OF THE 3RD |
New York Yankees batting - Pitching for Cleveland Spiders : RHP Dirceu Miro
|
Batting: RHB Alex Rodriguez
|
0-0: Ball 1-0: Ball 2-0: Foul Ball, location: 2F 2-1: Foul Ball, location: 2F 2-2: Strikes out swinging
|
Batting: RHB Vic Rodriguez
|
0-0: Called Strike 0-1: Foul Ball, location: 2F 0-2: Ball 1-2: Foul Ball, location: 2F 1-2: Ball 2-2: Fly out, F8 (Flyball, 8LM, EV 98.1 MPH)
|
Batting: RHB David Hall
|
0-0: Called Strike 0-1: Called Strike 0-2: Foul Ball, location: 2F 0-2: Ball 1-2: Foul Ball, location: 2F 1-2: Ball 2-2: Ball 3-2: Foul Ball, location: 2F 3-2: SINGLE (Groundball, 5S, EV 63.8 MPH) (infield hit)
|
Batting: LHB Kent Hrbek
|
0-0: Foul Ball, location: 2F 0-1: Ball 1-1: Ball 2-1: Ball 3-1: Foul Ball, location: 2F 3-2: Base on Balls David Hall to second
|
Batting: RHB Pedro Guerrero
|
0-0: Called Strike 0-1: Ball 1-1: Ball 2-1: Foul Ball, location: 2F 2-2: Fly out, F8 (Line Drive, 8RM, EV 96.3 MPH)
|
Bottom of the 3rd over - 0 runs, 1 hit, 0 errors, 2 left on base; Cleveland 1 - New York 2 |
TOP OF THE 4TH |
Cleveland Spiders batting - Pitching for New York Yankees : RHP Mike Parrott
|
Batting: RHB Alan Trammell
|
0-0: Ground out 6-3 (Groundball, 6D, EV 85.6 MPH)
|
Batting: RHB Cressy Pratt
|
0-0: Called Strike 0-1: Foul Ball, location: 2F 0-2: Strikes out looking
|
Batting: RHB Lance Parrish
|
0-0: Ball 1-0: Foul Ball, location: 2F 1-1: Foul Ball, location: 2F 1-2: Strikes out swinging
|
Top of the 4th over - 0 runs, 0 hits, 0 errors, 0 left on base; Cleveland 1 - New York 2 |
BOTTOM OF THE 4TH |
New York Yankees batting - Pitching for Cleveland Spiders : RHP Dirceu Miro
|
Batting: LHB Jordan Medrano
|
0-0: Foul Ball, location: 2F 0-1: Swinging Strike 0-2: Strikes out looking
|
Batting: RHB Larry Bowie
|
0-0: Called Strike 0-1: Called Strike 0-2: Strikes out looking
|
Batting: SHB Stan Javier
|
0-0: Ball 1-0: Ball 2-0: Called Strike 2-1: Ground out 6-3 (Groundball, 6MS, EV 67.5 MPH)
|
Bottom of the 4th over - 0 runs, 0 hits, 0 errors, 0 left on base; Cleveland 1 - New York 2 |
TOP OF THE 5TH |
Cleveland Spiders batting - Pitching for New York Yankees : RHP Mike Parrott
|
Pitching: RHP Javier Villanueva
|
|
Batting: RHB Jesse Barfield
|
0-0: Ball 1-0: Fly out, F8 (Flyball, 89D, EV 85.0 MPH)
|
Batting: SHB Bump Wills
|
0-0: Ball 1-0: Foul Ball, location: 2F 1-1: Ball 2-1: Swinging Strike 2-2: Foul Ball, location: 2F 2-2: Fly out, F8 (Flyball, 8LM, EV 88.8 MPH)
|
Batting: LHB Terry Puhl
|
0-0: Foul Ball, location: 2F 0-1: Ball 1-1: SINGLE (Groundball, 34D, EV 105.6 MPH)
|
Batting: SHB Salvador Perez
|
0-0: Ball Terry Puhl is caught stealing 2nd base 2-6
|
Top of the 5th over - 0 runs, 1 hit, 0 errors, 0 left on base; Cleveland 1 - New York 2 |
BOTTOM OF THE 5TH |
New York Yankees batting - Pitching for Cleveland Spiders : RHP Dirceu Miro
|
Pitching: RHP Richard Stumpp
|
|
Batting: RHB Javier Leyva
|
0-0: Ball 1-0: Called Strike 1-1: Foul Ball, location: 2F 1-2: Ball 2-2: Strikes out swinging
|
Batting: RHB Alex Rodriguez
|
0-0: Ball 1-0: Called Strike 1-1: Ball 2-1: Foul Ball, location: 2F 2-2: Fly out, F7 (Flyball, 7, EV 73.1 MPH)
|
Batting: RHB Vic Rodriguez
|
0-0: Called Strike 0-1: Ball 1-1: Ball 2-1: Ball 3-1: Ground out 6-3 (Groundball, 6, EV 91.9 MPH)
|
Bottom of the 5th over - 0 runs, 0 hits, 0 errors, 0 left on base; Cleveland 1 - New York 2 |
TOP OF THE 6TH |
Cleveland Spiders batting - Pitching for New York Yankees : RHP Javier Villanueva
|
Batting: SHB Salvador Perez
|
0-0: SINGLE (Flyball, 56D, EV 83.8 MPH)
|
Batting: RHB Clayton Elliott
|
0-0: Ball 1-0: Ball 2-0: Foul Ball, location: 2F 2-1: DOUBLE (Line Drive, 8RXD, EV 101.9 MPH) Salvador Perez to third
|
Batting: RHB Randy Elliott
|
0-0: Ball 1-0: Called Strike 1-1: Foul Ball, location: 2F 1-2: Strikes out swinging
|
Batting: RHB Alan Trammell
|
0-0: Called Strike 0-1: SINGLE (Groundball, 56D, EV 94.4 MPH) Salvador Perez scores Clayton Elliott to third Runner from 3rd tries for Home, SAFE, throw by LF to home
|
Batting: RHB Cressy Pratt
|
0-0: Called Strike 0-1: Ball 1-1: Ball 2-1: Grounds into double play, 4-6-3 (Groundball, 4MD, EV 86.9 MPH)
|
Top of the 6th over - 2 runs, 3 hits, 0 errors, 0 left on base; Cleveland 3 - New York 2 |
BOTTOM OF THE 6TH |
New York Yankees batting - Pitching for Cleveland Spiders : RHP Richard Stumpp
|
Batting: RHB David Hall
|
0-0: Ball 1-0: Called Strike 1-1: Ball 2-1: Ground out 6-3 (Groundball, 56, EV 89.4 MPH)
|
Batting: LHB Kent Hrbek
|
0-0: Swinging Strike 0-1: Ball 1-1: Ball 2-1: SOLO HOME RUN (Line Drive, 78XD, EV 105.6 MPH), Distance : 443 ft
|
Batting: RHB Pedro Guerrero
|
0-0: Called Strike 0-1: Ball 1-1: Ball 2-1: Foul Ball, location: 2F 2-2: Fly out, F7 (Flyball, 78D, EV 98.8 MPH)
|
Batting: LHB Jordan Medrano
|
0-0: Ball 1-0: Foul Ball, location: 2F 1-1: Ball 2-1: Foul Ball, location: 2F 2-2: Foul Ball, location: 2F 2-2: Strikes out looking
|
Bottom of the 6th over - 1 run, 1 hit, 0 errors, 0 left on base; Cleveland 3 - New York 3 |
TOP OF THE 7TH |
Cleveland Spiders batting - Pitching for New York Yankees : RHP Javier Villanueva
|
Pitching: RHP Jeff Cornell
|
|
Batting: RHB Lance Parrish
|
0-0: Ball 1-0: Ball 2-0: Foul Ball, location: 2F 2-1: Foul Ball, location: 2F 2-2: Ball 3-2: Strikes out swinging
|
Batting: RHB Jesse Barfield
|
0-0: Called Strike 0-1: Ball 1-1: Foul Ball, location: 2F 1-2: Foul Ball, location: 2F 1-2: Ball 2-2: Ball 3-2: Foul Ball, location: 2F 3-2: Strikes out swinging
|
Pinch Hitting: LHB Michael Barnes
|
0-0: Ball 1-0: Foul Ball, location: 2F 1-1: Ball 2-1: Fly out, F8 (Flyball, 8RS, EV 76.9 MPH)
|
Top of the 7th over - 0 runs, 0 hits, 0 errors, 0 left on base; Cleveland 3 - New York 3 |
BOTTOM OF THE 7TH |
New York Yankees batting - Pitching for Cleveland Spiders : RHP Richard Stumpp
|
Now at 2B: Michael Barnes
|
|
Batting: RHB Larry Bowie
|
0-0: Called Strike 0-1: Called Strike 0-2: Ball 1-2: Ball 2-2: Strikes out swinging
|
Batting: SHB Stan Javier
|
0-0: Ball 1-0: Ball 2-0: Ball 3-0: Called Strike 3-1: Foul Ball, location: 2F 3-2: Foul Ball, location: 2F 3-2: Fly out, F7 (Line Drive, 7, EV 103.8 MPH)
|
Batting: RHB Javier Leyva
|
0-0: Ball 1-0: Called Strike 1-1: Swinging Strike 1-2: Foul Ball, location: 2F 1-2: Foul Ball, location: 2F 1-2: Strikes out looking
|
Bottom of the 7th over - 0 runs, 0 hits, 0 errors, 0 left on base; Cleveland 3 - New York 3 |
TOP OF THE 8TH |
Cleveland Spiders batting - Pitching for New York Yankees : RHP Jeff Cornell
|
Pitching: RHP Manny Sarmiento
|
|
Pinch Hitting: RHB Jordan Ventura
|
0-0: Ball 1-0: Foul Ball, location: 2F 1-1: Called Strike 1-2: Fly out, F8 (Flyball, 8LXD, EV 95.0 MPH)
|
Batting: RHB Henry Torres
|
0-0: Foul Ball, location: 2F 0-1: Ball 1-1: Ball 2-1: Ball 3-1: Base on Balls
|
Pinch Hitting: LHB Glenn Gulliver
|
0-0: Fielders Choice at 2nd, 4-6 (Groundball, 4M, EV 90.0 MPH)
|
Batting: RHB Randy Elliott
|
0-0: Called Strike 0-1: Called Strike 0-2: Foul Ball, location: 2F Balk! Glenn Gulliver to second 0-2: Ball 1-2: Foul Ball, location: 2F 1-2: SINGLE (Line Drive, 34D, EV 100.6 MPH) Glenn Gulliver to third Runner from 3rd tries for Home, SAFE, throw by RF to home
|
Pinch Hitting: RHB Victor Mabee
|
0-0: Ball 1-0: Swinging Strike 1-1: Ground out U3 (Groundball, 3, EV 88.8 MPH)
|
Top of the 8th over - 1 run, 1 hit, 0 errors, 1 left on base; Cleveland 4 - New York 3 |
BOTTOM OF THE 8TH |
New York Yankees batting - Pitching for Cleveland Spiders : RHP Richard Stumpp
|
Pitching: RHP Joey McLaughlin
|
|
Now at 3B: Jesus Ramos
|
|
Now at SS: Victor Mabee
|
|
Now in RF: Jordan Ventura
|
|
Batting: RHB Alex Rodriguez
|
0-0: Ball 1-0: Ball 2-0: Called Strike 2-1: Foul Ball, location: 2F 2-2: Foul Ball, location: 2F 2-2: SINGLE (Groundball, 56S, EV 83.1 MPH) (infield hit)
|
Pinch Runner at 1st Willie Wilson:
|
|
Pinch Hitting: SHB Jerry Manuel
|
0-0: Called Strike 0-1: Called Strike 0-2: Ball 1-2: Foul Ball, location: 2F 1-2: Fielders Choice at 2nd, 6-4 (Groundball, 6, EV 85.6 MPH)
|
Pinch Hitting: LHB Jessie Reid
|
0-0: Grounds into double play, 5-4-3 (Groundball, 5, EV 85.6 MPH)
|
Bottom of the 8th over - 0 runs, 1 hit, 0 errors, 0 left on base; Cleveland 4 - New York 3 |
TOP OF THE 9TH |
Cleveland Spiders batting - Pitching for New York Yankees : RHP Manny Sarmiento
|
Now at 2B: Curt Wilkerson
|
|
Now at SS: Jerry Manuel
|
|
Now in CF: Jessie Reid
|
|
Pinch Hitting: LHB Angel Matos
|
0-0: Called Strike 0-1: Foul Ball, location: 2F 0-2: Ball 1-2: Ball 2-2: Ball 3-2: Ground out 5-3 (Groundball, 5L, EV 89.4 MPH)
|
Batting: RHB Lance Parrish
|
0-0: Ball 1-0: Called Strike 1-1: Fly out, F8 (Flyball, 78D, EV 97.5 MPH)
|
Pitching: RHP Paul Moskau
|
|
Pinch Hitting: RHB Tom Brunansky
|
0-0: Called Strike 0-1: Fly out, F4 (Popup, 4S, EV 81.3 MPH)
|
Top of the 9th over - 0 runs, 0 hits, 0 errors, 0 left on base; Cleveland 4 - New York 3 |
BOTTOM OF THE 9TH |
New York Yankees batting - Pitching for Cleveland Spiders : RHP Joey McLaughlin
|
Now at 1B: Angel Matos
|
|
Now in RF: Tom Brunansky
|
|
Batting: LHB Kent Hrbek
|
0-0: Ball 1-0: Ball 2-0: Foul Ball, location: 2F 2-1: SOLO HOME RUN (Flyball, 9LD, EV 94.4 MPH), Distance : 376 ft
|
Pinch Hitting: LHB Tony Ramirez
|
0-0: Ball 1-0: Foul Ball, location: 2F 1-1: Called Strike 1-2: Ball 2-2: Fly out, F5 (Popup, 5L, EV 74.4 MPH)
|
Pinch Hitting: LHB Mario Cabrera
|
0-0: Ground out 6-3 (Groundball, P, EV 86.3 MPH)
|
Pinch Hitting: LHB Ron Hassey
|
0-0: Called Strike 0-1: Foul Ball, location: 2F 0-2: Foul Ball, location: 2F 0-2: Ball 1-2: Ball 2-2: Ball 3-2: Base on Balls
|
Pitching: RHP Greg A Harris
|
|
Pinch Runner at 1st Tim Raines:
|
|
Pinch Hitting: LHB Elijah Bonaparte
|
0-0: Ball 1-0: Ball Tim Raines steals 2nd base 2-0: Fly out, F1 (Line Drive, P, EV 69.4 MPH)
|
Bottom of the 9th over - 1 run, 1 hit, 0 errors, 1 left on base; Cleveland 4 - New York 4 |
TOP OF THE 10TH |
Cleveland Spiders batting - Pitching for New York Yankees : RHP Paul Moskau
|
Now at C: Denny Porter
|
|
Now at 1B: Tony Ramirez
|
|
Now at 3B: Mario Cabrera
|
|
Now in RF: Elijah Bonaparte
|
|
Batting: LHB Michael Barnes
|
0-0: Ball 1-0: Swinging Strike 1-1: Ball 2-1: Foul Ball, location: 2F 2-2: Ball 3-2: Foul Ball, location: 2F 3-2: Ground out 6-3 (Groundball, 6, EV 87.5 MPH)
|
Batting: RHB Jordan Ventura
|
0-0: Swinging Strike 0-1: Ground out 5-3 (Groundball, 56, EV 80.0 MPH)
|
Batting: RHB Henry Torres
|
0-0: Called Strike 0-1: Fly out, F8 (Line Drive, 8LM, EV 98.1 MPH)
|
Top of the 10th over - 0 runs, 0 hits, 0 errors, 0 left on base; Cleveland 4 - New York 4 |
BOTTOM OF THE 10TH |
New York Yankees batting - Pitching for Cleveland Spiders : RHP Greg A Harris
|
Pinch Hitting: SHB Larry Hyman
|
0-0: Ball 1-0: Called Strike 1-1: Ball 2-1: Ball 3-1: Foul Ball, location: 2F 3-2: Base on Balls
|
Pinch Runner at 1st Rod Allen:
|
|
Batting: SHB Curt Wilkerson
|
0-0: Called Strike Rod Allen steals 2nd base 0-1: Ground out U3 (Groundball, 34, EV 81.9 MPH) Rod Allen to third
|
Pinch Hitting: LHB Wade Boggs
|
0-0: Intentional Walk
|
Batting: LHB Jessie Reid
|
0-0: Ball 1-0: Foul Ball, location: 2F 1-1: Called Strike 1-2: Ball 2-2: Foul Ball, location: 2F 2-2: Fly out, F6 (Flyball, 6D, EV 90.0 MPH)
|
Batting: LHB Kent Hrbek
|
0-0: Ball Passed Ball! Rod Allen scores
|
Bottom of the 10th over - 1 run, 0 hits, 0 errors, 0 left on base; Cleveland 4 - New York 5 |
|